 Dungeon Crawl Stone Soup version 0.31-a0-188-g5e087ee2ca (webtiles) character file.

Game seed: 17114987483805898550

41 Gorgondantess the Gusty (level 3, -3/19 HPs)
             Began as a Tengu Air Elementalist on June 24, 2023.
             Splashed by a jelly's acid (9 damage)
             ... on level 2 of the Dungeon.
             The game lasted 00:02:25 (1348 turns).

Gorgondantess the Gusty (Tengu Air Elementalist)    Turns: 1348, Time: 00:02:25

Health: -3/19      AC: -6    Str:  8    XL:     3   Next: 52%
Magic:  5/7        EV: 12    Int: 17    God:
Gold:   29         SH:  0    Dex: 14    Spells: 5/6 levels left

rFire   . . .        c - +0 sling
rCold   . . .        (no shield)
rNeg    + . .        a - +0 robe
rPois   .            (helmet restricted)
rElec   .            (no cloak)
rCorr   .            (no gloves)
SInv    .            (boots unavailable)
Will    .....        (no amulet)
Stlth   ++           e - ring of positive energy
HPRegen 0.23/turn    (no ring)
MPRegen 0.10/turn

%: no passive effects
@: corroded
A: beak, talons 3
a: no special abilities


You were on level 2 of the Dungeon.
You visited 1 branch of the dungeon, and saw 2 of its levels.

You collected 29 gold pieces.

Inventory:

Hand Weapons
 c - a +0 sling (weapon)
Missiles
 g - 2 poisoned darts
Armour
 a - a +0 robe (worn)
Jewellery
 e - a ring of positive energy (left hand)
Scrolls
 d - a scroll of identify {unknown}
 j - a scroll of vulnerability {unknown}
Potions
 b - a potion of magic
 f - 5 potions of heal wounds {unknown}
 h - a potion of curing {unknown}
 i - a potion of cancellation {unknown}


   Skills:
 - Level 2.1 Dodging
 - Level 2.0 Stealth
 + Level 2.4 Spellcasting
 + Level 2.4 Conjurations
 * Level 5.1 Air Magic


You had 5 spell levels left.
You knew the following spells:

 Your Spells              Type           Power      Damage    Failure   Level
a - Shock                 Conj/Air       56%        1d6       4%          1

Your spell library contained the following spells:

 Spells                   Type           Power      Damage    Failure   Level
 Static Discharge         Conj/Air       28%        2-4/arc   6%          2
 Swiftness                Air            19%        N/A       7%          3
 Airstrike                Air            9%         2d(2-18)  22%         4


Dungeon Overview and Level Annotations

Branches:
Dungeon (2/15)

Altars:


Innate Abilities, Weirdness & Mutations

You have a beak for a mouth.
You have claws for feet.


Message History

The zap hits the endoplasm.
You kill the endoplasm!
Unknown command.
Done exploring.
Done exploring.
There is a stone staircase leading down here.
You climb downwards.
There is a stone staircase leading up here.
A goblin comes into view. It is wielding a +0 club.
You shoot a sling bullet. The sling bullet hits the goblin.
You kill the goblin!
No target in view!
j - a scroll labelled SIOXZA MIUPAHUA A jelly comes into view.
A hobgoblin comes into view.
You shoot a sling bullet.
The sling bullet barely misses the jelly.
The hobgoblin shouts!
You shoot a sling bullet.
The sling bullet barely misses the jelly.
The jelly misses you. The jelly attacks as you move away!
The jelly barely misses you.
Casting: Shock (safe; 4% risk of failure)
Confirm with . or Enter, or press ? or * to list all spells.
Aiming: Shock (safe; 4% risk of failure)
Press: ? - help, Shift-Dir - straight line, p - jelly The zap hits the jelly.
The jelly is heavily wounded.
The zap hits the hobgoblin.
You kill the hobgoblin!
The jelly hits you. The acid corrodes you!
You are splashed with acid!
Ouch! That really hurt!
Unknown command.
Casting: Shock (safe; 4% risk of failure)
Confirm with . or Enter, or press ? or * to list all spells.
Aiming: Shock (safe; 4% risk of failure)
Press: ? - help, Shift-Dir - straight line The zap hits the jelly.
The jelly is heavily wounded.
The jelly hits you. The acid corrodes you!
You are splashed with acid!
You die...

#####
#...######..
#...<.......
#...######..
##.## #@#
.######J#######
..............#
###)....#####.#
#.##### #


You could see a jelly.

Vanquished Creatures
  5 ball pythons (D:1)
  2 endoplasms (D:1)
  3 giant cockroaches (D:1)
  6 goblins
  7 hobgoblins
  2 jackals (D:1)
  A quokka (D:1)
  3 bats (D:1)
  2 kobolds (D:1)
  3 rats (D:1)
34 creatures vanquished.

Notes
Turn   | Place    | Note
-------+----------+-------------------------------------------
     0 | D:1      | Gorgondantess the Tengu Air Elementalist began the quest
                  | for the Orb.
     0 | D:1      | Reached XP level 1. HP: 10/10 MP: 4/4
   165 | D:1      | Reached XP level 2. HP: 15/15 MP: 6/6
   603 | D:1      | Reached XP level 3. HP: 19/19 MP: 7/7
   954 | D:1      | Reached skill level 5 in Air Magic
  1348 | D:2      | Splashed by a jelly's acid

Illustrated notes

Levels and vault maps discovered:
D:1:      roderic_crossed_star, layout_basic
D:2:      layout_loops_ring, uniq_robin, uniq_crazy_yiuf_cottage

Skill      XL: |  1  2  3 |
---------------+----------+-----
Conjurations   | 2 |  2.4
Air Magic      | 5 |  5.1
Dodging        | |  2.1
Stealth        | |  2.0
Spellcasting   | |  2.4

Action                     || total
---------------------------++-------
  Melee: Unarmed           ||     5
         Kick              ||     1
         Peck              ||     1
   Fire: Sling             ||    70
   Cast: Shock             ||    17
 Armour: Robe              ||     9
  Dodge: Dodged            ||    18

Table legend: (Time is in decaauts)
 A = Elapsed time spent in this place.
 B = Non-inter-level travel time spent in this place.
 C = Inter-level travel time spent in this place.
 D = Time resting spent in this place.
 E = Time spent auto-exploring this place.
 F = Levels seen in this place.
 G = Mean time per level.
                   A        B        C        D        E       F      G
               +--------+--------+--------+--------+--------+-----+--------+
         Total |   1374 |   1295 |     79 |      0 |   1112 |   2 |  687.0 |
       Dungeon |   1374 |   1295 |     79 |      0 |   1112 |   2 |  687.0 |
               +--------+--------+--------+--------+--------+-----+--------+

Top non-repeatable levels by time:
     D:1: 1357 daAuts
     D:2: 17 daAuts
